Detroit Red Wings vs Toronto Maple Leafs
Created - Friday, August 25, 2023 at 06:42
Goals
|
| Detroit Red Wings |
2 |
1 |
1 |
4 |
| Toronto Maple Leafs |
0 |
1 |
1 |
2 |
|
Shots
|
| Detroit Red Wings |
10 |
16 |
4 |
30 |
| Toronto Maple Leafs |
11 |
13 |
5 |
29 |
|
1st period
1. Detroit Red Wings , Matthew Boldy 2 (Carter Verhaeghe 3, Brock Nelson 2) at 16:06
2. Detroit Red Wings , Carter Verhaeghe 1 (Brock Nelson 3, Matthew Boldy 1) at 19:56
Penalties :
Brady Tkachuk (TOR) for Hooking (Minor) at 0:22, Brady Tkachuk (TOR) for Tripping (Minor) at 4:35, Kevin Shattenkirk (DET) for Interference (Minor) at 11:55, Brady Tkachuk (TOR) for Roughing (Minor) at 19:59
2nd period
3. Toronto Maple Leafs , Nino Niederreiter 1 (Nicolas Roy 1) at 3:45
4. Detroit Red Wings , Mika Zibanejad 1 (Steven Stamkos 1, MacKenzie Weegar 2) at 16:16
Penalties :
Aaron Ekblad (TOR) for Holding (Minor) at 4:08, Aaron Ekblad (TOR) for Roughing (Minor) at 11:41, Steven Stamkos (DET) for Holding Stick (Minor) at 17:58
3rd period
5. Toronto Maple Leafs , Kyle Okposo 2 (Dougie Hamilton 2) at 4:19
6. Detroit Red Wings , Jared McCann 1 (Mika Zibanejad 2, Philippe Myers 1) at 19:25 (Empty Net)
Penalties :
Brady Tkachuk (TOR) for Holding (Minor) at 4:43
Goalie Stats
Semyon Varlamov (DET), 27 saves from 29 shots - (0.931), W, 1-2-0, 60:00 minutes
Frederik Andersen (TOR), 26 saves from 29 shots - (0.897), L, 1-2-0, 59:23 minutes
Players Stats for Detroit Red Wings
Player Name G A P +/- PIM S H SB GA TA FO MP PP MP PK MP
------------------------------------------------------------------------------------
Arthur Kaliyev 0 0 0 -1 0 1 0 0 0 0 0/0 9:16 0:00 0:00
Brock Nelson 0 2 2 2 0 0 0 1 1 0 6/9 12:09 0:00 2:11
Carter Verhaeghe 1 1 2 2 0 1 1 0 1 0 0/0 15:57 5:58 0:00
Daniel Sprong 0 0 0 -1 0 2 3 0 2 0 1/2 9:44 0:00 0:09
Jamie Drysdale 0 0 0 2 0 0 1 1 1 0 0/0 18:01 5:52 0:56
Jared McCann 1 0 1 0 0 8 1 0 2 0 0/0 16:45 5:56 1:50
Jason Zucker 0 0 0 -1 0 1 1 0 0 0 0/1 9:16 0:00 0:00
Jonathan Huberdeau 0 0 0 1 0 3 0 3 1 0 2/4 21:03 5:56 0:00
Josh Bailey 0 0 0 -1 0 0 0 0 0 1 0/4 9:27 0:03 0:17
Kevin Shattenkirk 0 0 0 -1 2 0 0 1 0 3 0/0 26:35 6:02 0:29
MacKenzie Weegar 0 1 1 -1 0 0 3 1 0 0 0/0 27:32 6:02 1:25
Matthew Boldy 1 1 2 2 0 2 2 0 0 0 0/0 16:24 5:55 0:00
Mika Zibanejad 1 1 2 2 0 3 2 1 1 1 17/24 22:47 5:56 1:18
Philippe Myers 0 1 1 2 0 0 0 1 0 1 0/0 13:42 0:00 2:33
Sean Couturier 0 0 0 0 0 2 0 1 0 0 2/8 11:53 0:00 2:10
Shayne Gostisbehere 0 0 0 1 0 3 4 1 0 0 0/0 21:18 5:52 2:33
Steven Stamkos 0 1 1 1 2 4 2 0 1 0 2/4 21:08 5:58 0:01
Zach Bogosian 0 0 0 1 0 0 2 2 0 2 0/0 13:03 0:00 0:00
Players Stats for Toronto Maple Leafs
Player Name G A P +/- PIM S H SB GA TA FO MP PP MP PK MP
------------------------------------------------------------------------------------
Aaron Ekblad 0 0 0 -3 4 4 2 2 2 3 0/0 24:47 1:24 4:37
Andrew Mangiapane 0 0 0 -1 0 1 1 0 1 0 0/0 10:53 1:13 0:00
Brady Tkachuk 0 0 0 -2 8 2 4 2 0 0 0/1 18:28 1:06 0:42
Brandon Saad 0 0 0 -1 0 3 2 1 0 0 0/0 16:27 1:09 0:07
Cody Ceci 0 0 0 -3 0 1 1 5 0 2 0/0 27:26 1:40 7:00
Dougie Hamilton 0 1 1 1 0 2 1 1 0 0 0/0 16:59 2:18 0:17
Jonas Siegenthaler 0 0 0 0 0 0 1 2 0 0 0/0 13:16 0:00 2:14
Kyle Okposo 1 0 1 1 0 2 1 0 0 2 0/0 10:10 0:00 4:00
Mario Ferraro 0 0 0 0 0 1 1 1 0 1 0/0 16:34 0:54 4:46
Nick Bjugstad 0 0 0 1 0 0 1 2 0 0 3/8 12:56 0:00 5:57
Nicolas Roy 0 1 1 -1 0 2 1 2 1 1 6/10 17:09 0:51 6:02
Nino Niederreiter 1 0 1 -1 0 2 0 0 0 1 0/0 11:59 0:00 1:57
Ryan Pulock 0 0 0 1 0 1 3 1 0 0 0/0 21:18 1:40 4:54
Sam Bennett 0 0 0 -2 0 3 2 1 2 0 10/18 16:39 1:06 0:00
Scott Laughton 0 0 0 0 0 2 2 0 0 0 7/19 17:33 2:01 4:00
Trevor Zegras 0 0 0 0 0 2 5 0 2 0 0/0 15:01 2:11 1:03
Troy Terry 0 0 0 -1 0 1 0 1 0 0 0/0 13:53 1:57 0:00
Warren Foegele 0 0 0 1 0 0 2 0 0 0 0/0 6:32 0:20 0:00
3 Stars
1 - Mika Zibanejad (DET)
2 - Matthew Boldy (DET)
3 - Carter Verhaeghe (DET)
Power Play
Detroit Red Wings - 0 on 6 Attempt(s) - 0.00%
Toronto Maple Leafs - 0 on 2 Attempt(s) - 0.00%
Penalty Kill
Detroit Red Wings - 2 on 2 Attempt(s) - 100.00%
- Score 0 goal in Penalty Kill
Toronto Maple Leafs - 6 on 6 Attempt(s) - 100.00%
- Score 0 goal in Penalty Kill
Team Stat
Detroit Red Wings - Hits : 22 - Faceoff Wins : 30 - Blocked Shots : 13 - Penalty Minutes : 4
Toronto Maple Leafs - Hits : 30 - Faceoff Wins : 26 - Blocked Shots : 21 - Penalty Minutes : 12
Official
Referees : Jon Mclsaac and Greg Kimmerly
Linesman : Mark Wheler and Ryan Gibbons
Game Notes
Jared McCann has scored in a empty net!
Finance
Level 1 -- Attendance: 6000 (100.00%) -- Ticket Income $564,000
Level 2 -- Attendance: 4874 (97.48%) -- Ticket Income $263,196
Level 3 -- Attendance: 2781 (92.70%) -- Ticket Income $91,773
Level 4 -- Attendance: 4856 (97.12%) -- Ticket Income $101,976
Luxury Box -- Attendance: 950 (95.00%) -- Ticket Income $183,350
Game was played at the Air Canada Centre.
Total Attendance: 19461 (97.31%)
Total Ticket Income: $1,204,295
Other Income: $421,503
Total Income: $1,625,798
Detroit Red Wings
5 vs 5 Forward
Center Left Wing Right Wing Time % Phy DF OF
1 Mika Zibanejad Steven Stamkos Jonathan Huberdeau 40 1 2 2
2 Brock Nelson Carter Verhaeghe Matthew Boldy 30 1 2 2
3 Josh Bailey Daniel Sprong Jared McCann 20 1 2 2
4 Sean Couturier Arthur Kaliyev Jason Zucker 10 1 2 2
5 vs 5 Defense
Defense Defense Time % Phy DF OF
1 Kevin Shattenkirk MacKenzie Weegar 40 1 2 2
2 Zach Bogosian Shayne Gostisbehere 30 1 2 2
3 Philippe Myers Jamie Drysdale 20 1 2 2
4 Kevin Shattenkirk MacKenzie Weegar 10 1 2 2
PowerPlay Forward
Center Left Wing Right Wing Time % Phy DF OF
1 Mika Zibanejad Jonathan Huberdeau Jared McCann 50 1 2 2
2 Steven Stamkos Carter Verhaeghe Matthew Boldy 50 1 2 2
PowerPlay Defense
Defense Defense Time % Phy DF OF
1 Kevin Shattenkirk MacKenzie Weegar 50 1 2 2
2 Shayne Gostisbehere Jamie Drysdale 50 1 2 2
Penalty Kill 4 Players Forward
Center Wing Time % Phy DF OF
1 Mika Zibanejad Jared McCann 50 1 2 2
2 Sean Couturier Brock Nelson 50 1 2 2
Penalty Kill 4 Players Defense
Defense Defense Time % Phy DF OF
1 Kevin Shattenkirk MacKenzie Weegar 50 1 2 2
2 Philippe Myers Shayne Gostisbehere 50 1 2 2
Penalty Kill - 3 Players Forward
Forward Time % Phy DF OF
1 Mika Zibanejad 50 1 2 2
2 Brock Nelson 50 1 2 2
Penalty Kill - 3 Players Defense
Defense Defense Time % Phy DF OF
1 Kevin Shattenkirk MacKenzie Weegar 50 1 2 2
2 Philippe Myers Shayne Gostisbehere 50 1 2 2
4 vs 4 Forward
Center Wing Time % Phy DF OF
1 Mika Zibanejad Carter Verhaeghe 60 1 2 2
2 Steven Stamkos Matthew Boldy 40 1 2 2
4 vs 4 Defense
Defense Defense Time % Phy DF OF
1 Kevin Shattenkirk MacKenzie Weegar 60 1 2 2
2 Shayne Gostisbehere Jamie Drysdale 40 1 2 2
Last Minutes Offensive
Center Left Wing Right Wing Defense Defense
Mika Zibanejad Steven Stamkos Matthew Boldy Kevin Shattenkirk MacKenzie Weegar
Last Minutes Defensive
Center Left Wing Right Wing Defense Defense
Mika Zibanejad Sean Couturier Jared McCann Kevin Shattenkirk MacKenzie Weegar
Goaltenders
Starting : Semyon Varlamov
Backup : Sergei Bobrovsky
Extra Forwards
Normal : Sean Couturier, Daniel Sprong, Arthur Kaliyev - PP : Josh Bailey, Arthur Kaliyev - PK : Sean Couturier
Extra Defensemen
Normal : Philippe Myers, Jamie Drysdale, Kevin Shattenkirk - PP : Jamie Drysdale - PK : Philippe Myers, Jamie Drysdale
Penalty Shots
Mika Zibanejad, Steven Stamkos, Matthew Boldy, Carter Verhaeghe, Jared McCann
Toronto Maple Leafs
5 vs 5 Forward
Center Left Wing Right Wing Time % Phy DF OF
1 Sam Bennett Brady Tkachuk Brandon Saad 40 1 2 2
2 Scott Laughton Trevor Zegras Troy Terry 30 1 2 2
3 Nicolas Roy Andrew Mangiapane Nino Niederreiter 20 1 2 2
4 Nick Bjugstad Warren Foegele Kyle Okposo 10 1 2 2
5 vs 5 Defense
Defense Defense Time % Phy DF OF
1 Aaron Ekblad Cody Ceci 40 1 2 2
2 Dougie Hamilton Ryan Pulock 30 1 2 2
3 Mario Ferraro Jonas Siegenthaler 20 1 2 2
4 Dougie Hamilton Ryan Pulock 10 1 2 2
PowerPlay Forward
Center Left Wing Right Wing Time % Phy DF OF
1 Sam Bennett Brady Tkachuk Troy Terry 60 1 2 2
2 Scott Laughton Trevor Zegras Brandon Saad 40 1 2 2
PowerPlay Defense
Defense Defense Time % Phy DF OF
1 Aaron Ekblad Dougie Hamilton 60 1 2 2
2 Cody Ceci Ryan Pulock 40 1 2 2
Penalty Kill 4 Players Forward
Center Wing Time % Phy DF OF
1 Nick Bjugstad Nicolas Roy 60 1 2 2
2 Scott Laughton Kyle Okposo 40 1 2 2
Penalty Kill 4 Players Defense
Defense Defense Time % Phy DF OF
1 Aaron Ekblad Cody Ceci 60 1 2 2
2 Mario Ferraro Ryan Pulock 40 1 2 2
Penalty Kill - 3 Players Forward
Forward Time % Phy DF OF
1 Nick Bjugstad 60 1 2 2
2 Scott Laughton 40 1 2 2
Penalty Kill - 3 Players Defense
Defense Defense Time % Phy DF OF
1 Aaron Ekblad Cody Ceci 60 1 2 2
2 Mario Ferraro Ryan Pulock 40 1 2 2
4 vs 4 Forward
Center Wing Time % Phy DF OF
1 Scott Laughton Troy Terry 60 1 2 2
2 Nicolas Roy Trevor Zegras 40 1 2 2
4 vs 4 Defense
Defense Defense Time % Phy DF OF
1 Dougie Hamilton Ryan Pulock 60 1 2 2
2 Aaron Ekblad Cody Ceci 40 1 2 2
Last Minutes Offensive
Center Left Wing Right Wing Defense Defense
Sam Bennett Brady Tkachuk Troy Terry Aaron Ekblad Dougie Hamilton
Last Minutes Defensive
Center Left Wing Right Wing Defense Defense
Nick Bjugstad Scott Laughton Nicolas Roy Aaron Ekblad Cody Ceci
Goaltenders
Starting : Frederik Andersen
Backup : Cam Talbot
Extra Forwards
Normal : Andrew Mangiapane, Nicolas Roy, Nino Niederreiter - PP : Andrew Mangiapane, Nicolas Roy - PK : Nino Niederreiter
Extra Defensemen
Normal : Mario Ferraro, Jonas Siegenthaler, Dougie Hamilton - PP : Mario Ferraro - PK : Jonas Siegenthaler, Dougie Hamilton
Penalty Shots
Trevor Zegras, Dougie Hamilton, Kyle Okposo, Nick Bjugstad, Nicolas Roy
% Time on Ice - Detroit Red Wings
Lines # - Real PCT - Wanted PCT - Time Play
Normal Forward
1 - 35% - 40% - 15:19
2 - 23% - 30% - 10:00
3 - 21% - 20% - 9:07
4 - 21% - 10% - 9:16
Normal Defense
1 - 41% - 40% - 17:50
2 - 30% - 30% - 12:54
3 - 25% - 20% - 10:53
4 - 5% - 10% - 2:05
PP Forward
1 - 50% - 50% - 5:56
2 - 50% - 50% - 5:58
PP Defense
1 - 51% - 50% - 6:02
2 - 49% - 50% - 5:52
PK Forward
1 - 42% - 50% - 1:39
2 - 58% - 50% - 2:19
PK Defense
1 - 36% - 50% - 1:25
2 - 64% - 50% - 2:33
PK3 Forward
1 - 0% - 50%
2 - 0% - 50%
PK3 Defense
1 - 0% - 50%
2 - 0% - 50%
44 Forward
1 - 0% - 60%
2 - 0% - 40%
44 Defense
1 - 0% - 60%
2 - 0% - 40%
Last Minute Offensive - 0:00
Last Minute Defensive - 0:26
Total
Forward - 60:00
Defense - 60:00
|
% Time on Ice - Toronto Maple Leafs
Lines # - Real PCT - Wanted PCT - Time Play
Normal Forward
1 - 37% - 40% - 16:21
2 - 26% - 30% - 11:32
3 - 22% - 20% - 9:40
4 - 14% - 10% - 6:10
Normal Defense
1 - 43% - 40% - 18:35
2 - 30% - 30% - 13:12
3 - 24% - 20% - 10:24
4 - 4% - 10% - 1:32
PP Forward
1 - 49% - 60% - 1:57
2 - 51% - 40% - 2:01
PP Defense
1 - 58% - 60% - 2:18
2 - 42% - 40% - 1:40
PK Forward
1 - 66% - 60% - 7:54
2 - 34% - 40% - 4:00
PK Defense
1 - 59% - 60% - 7:00
2 - 41% - 40% - 4:54
PK3 Forward
1 - 0% - 60%
2 - 0% - 40%
PK3 Defense
1 - 0% - 60%
2 - 0% - 40%
44 Forward
1 - 0% - 60%
2 - 0% - 40%
44 Defense
1 - 0% - 60%
2 - 0% - 40%
Last Minute Offensive - 0:25
Last Minute Defensive - 0:00
Total
Forward - 60:00
Defense - 60:00
|
Play-by-Play
1st period
0:01 of 1st period - Mika Zibanejad wins face-off versus Sam Bennett in neutral zone.
0:22 of 1st period - Minor Penalty to Brady Tkachuk for Hooking.
0:23 of 1st period - Mika Zibanejad wins face-off versus Nick Bjugstad in Toronto Maple Leafs zone.
0:30 of 1st period - Slapshot by Jared McCann.
0:30 of 1st period - Stopped by Frederik Andersen with a rebound.
0:32 of 1st period - Slapshot by Mika Zibanejad.
0:32 of 1st period - Shot Blocked by Aaron Ekblad.
0:34 of 1st period - Slapshot by Jared McCann.
0:34 of 1st period - Shot Hit the Post.
0:56 of 1st period - Snap shot by Matthew Boldy.
0:56 of 1st period - Shot Misses the Net.
0:58 of 1st period - Slapshot by MacKenzie Weegar.
0:58 of 1st period - Shot Blocked by Cody Ceci.
2:22 of 1st period - Penalty to Brady Tkachuk is over, Brady Tkachuk is back on ice.
2:30 of 1st period - Nicolas Roy is hit by Shayne Gostisbehere and loses puck.
2:37 of 1st period - Snap shot by Jason Zucker.
2:37 of 1st period - Shot Blocked by Nicolas Roy.
2:39 of 1st period - Backhand shot by Jason Zucker.
2:39 of 1st period - Shot Misses the Net.
2:51 of 1st period - Josh Bailey is hit by Trevor Zegras and loses puck.
3:06 of 1st period - Snap shot by Brady Tkachuk.
3:06 of 1st period - Shot Misses the Net.
3:08 of 1st period - Wrist shot by Sam Bennett.
3:08 of 1st period - Shot Misses the Net.
4:06 of 1st period - Mario Ferraro is hit by Daniel Sprong and loses puck.
4:35 of 1st period - Minor Penalty to Brady Tkachuk for Tripping.
4:36 of 1st period - Mika Zibanejad wins face-off versus Nick Bjugstad in Toronto Maple Leafs zone.
4:41 of 1st period - Snap shot by Jared McCann.
4:41 of 1st period - Shot Misses the Net.
4:43 of 1st period - Snap shot by Kevin Shattenkirk.
4:43 of 1st period - Shot Misses the Net.
4:45 of 1st period - Slapshot by MacKenzie Weegar.
4:45 of 1st period - Shot Blocked by Nick Bjugstad.
6:35 of 1st period - Penalty to Brady Tkachuk is over, Brady Tkachuk is back on ice.
6:56 of 1st period - Snap shot by Nicolas Roy.
6:56 of 1st period - Stopped by Semyon Varlamov without a rebound.
6:57 of 1st period - Daniel Sprong wins face-off versus Scott Laughton in Detroit Red Wings zone.
7:07 of 1st period - Cody Ceci is hit by Zach Bogosian and loses puck.
7:18 of 1st period - MacKenzie Weegar is hit by Brady Tkachuk and loses puck.
7:38 of 1st period - Icing by MacKenzie Weegar.
7:39 of 1st period - Scott Laughton wins face-off versus Sean Couturier in Detroit Red Wings zone.
7:48 of 1st period - Snap shot by Troy Terry.
7:48 of 1st period - Shot Misses the Net.
7:50 of 1st period - Slapshot by Dougie Hamilton.
7:50 of 1st period - Shot Blocked by Sean Couturier.
7:52 of 1st period - Snap shot by Scott Laughton.
7:52 of 1st period - Stopped by Semyon Varlamov with a rebound.
7:54 of 1st period - Backhand shot by Scott Laughton.
7:54 of 1st period - Shot Misses the Net.
7:56 of 1st period - Slapshot by Ryan Pulock.
7:56 of 1st period - Deflect By Sean Couturier.
7:56 of 1st period - Stopped by Semyon Varlamov with a rebound.
8:06 of 1st period - Dougie Hamilton is hit by Steven Stamkos and loses puck.
8:33 of 1st period - Snap shot by Nino Niederreiter.
8:33 of 1st period - Stopped by Semyon Varlamov with a rebound.
8:35 of 1st period - Snap shot by Ryan Pulock.
8:35 of 1st period - Shot Blocked by Zach Bogosian.
8:37 of 1st period - Slapshot by Dougie Hamilton.
8:37 of 1st period - Deflect By Nicolas Roy.
8:37 of 1st period - Shot Hit the Post.
8:37 of 1st period - Puck is out of play.
8:38 of 1st period - Mika Zibanejad wins face-off versus Scott Laughton in Detroit Red Wings zone.
8:43 of 1st period - Wrist shot by Steven Stamkos.
8:43 of 1st period - Stopped by Frederik Andersen with a rebound.
8:45 of 1st period - Slapshot by Jonathan Huberdeau.
8:45 of 1st period - Stopped by Frederik Andersen without a rebound.
8:46 of 1st period - Mika Zibanejad wins face-off versus Scott Laughton in Toronto Maple Leafs zone.
9:00 of 1st period - Scott Laughton is hit by Zach Bogosian and loses puck.
9:09 of 1st period - Snap shot by Jonathan Huberdeau.
9:09 of 1st period - Shot Misses the Net.
9:11 of 1st period - Slapshot by Zach Bogosian.
9:11 of 1st period - Shot Misses the Net.
9:13 of 1st period - Slapshot by Zach Bogosian.
9:13 of 1st period - Shot Blocked by Cody Ceci.
9:15 of 1st period - Snap shot by Jonathan Huberdeau.
9:15 of 1st period - Stopped by Frederik Andersen without a rebound.
9:16 of 1st period - Brock Nelson wins face-off versus Sam Bennett in Toronto Maple Leafs zone.
9:20 of 1st period - Snap shot by Carter Verhaeghe.
9:20 of 1st period - Deflect By Matthew Boldy.
9:20 of 1st period - Shot Misses the Net.
9:20 of 1st period - Puck is out of play.
9:21 of 1st period - Sam Bennett wins face-off versus Brock Nelson in Toronto Maple Leafs zone.
9:21 of 1st period - Sam Bennett is hit by Matthew Boldy.
9:48 of 1st period - Wrist shot by Daniel Sprong.
9:48 of 1st period - Deflect By Jared McCann.
9:48 of 1st period - Stopped by Frederik Andersen with a rebound.
9:50 of 1st period - Snap shot by Jared McCann.
9:50 of 1st period - Shot Blocked by Dougie Hamilton.
9:52 of 1st period - Slapshot by Jared McCann.
9:52 of 1st period - Deflect By Daniel Sprong.
9:52 of 1st period - Shot Misses the Net.
9:52 of 1st period - Puck is out of play.
9:53 of 1st period - Nicolas Roy wins face-off versus Josh Bailey in Toronto Maple Leafs zone.
9:58 of 1st period - Wrist shot by Jared McCann.
9:58 of 1st period - Stopped by Frederik Andersen without a rebound.
9:59 of 1st period - Nicolas Roy wins face-off versus Steven Stamkos in Toronto Maple Leafs zone.
10:27 of 1st period - Wrist shot by Trevor Zegras.
10:27 of 1st period - Shot Misses the Net.
10:29 of 1st period - Slapshot by Aaron Ekblad.
10:29 of 1st period - Stopped by Semyon Varlamov without a rebound.
10:30 of 1st period - Brock Nelson wins face-off versus Scott Laughton in Detroit Red Wings zone.
10:30 of 1st period - Brock Nelson is hit by Trevor Zegras.
10:41 of 1st period - Ryan Pulock is hit by MacKenzie Weegar.
10:50 of 1st period - Off-side.
10:51 of 1st period - Mika Zibanejad wins face-off versus Sam Bennett in neutral zone.
11:24 of 1st period - Backhand shot by Jared McCann.
11:24 of 1st period - Stopped by Frederik Andersen with a rebound.
11:26 of 1st period - Snap shot by Kevin Shattenkirk.
11:26 of 1st period - Shot Blocked by Brandon Saad.
11:30 of 1st period - Snap shot by Daniel Sprong.
11:30 of 1st period - Shot Blocked by Brady Tkachuk.
11:40 of 1st period - Kevin Shattenkirk is hit by Aaron Ekblad and loses puck.
11:53 of 1st period - Wrist shot by Andrew Mangiapane.
11:53 of 1st period - Stopped by Semyon Varlamov with a rebound.
11:55 of 1st period - Minor Penalty to Kevin Shattenkirk for Interference.
11:56 of 1st period - Mika Zibanejad wins face-off versus Scott Laughton in Detroit Red Wings zone.
12:09 of 1st period - Brock Nelson is hit by Trevor Zegras and loses puck.
12:26 of 1st period - Shayne Gostisbehere is hit by Cody Ceci.
13:55 of 1st period - Penalty to Kevin Shattenkirk is over, Kevin Shattenkirk is back on ice.
14:06 of 1st period - Slapshot by Dougie Hamilton.
14:06 of 1st period - Deflect By Nick Bjugstad.
14:06 of 1st period - Shot Misses the Net.
14:06 of 1st period - Puck is out of play.
14:07 of 1st period - Jonathan Huberdeau wins face-off versus Nick Bjugstad in Detroit Red Wings zone.
14:19 of 1st period - Snap shot by Kyle Okposo.
14:19 of 1st period - Shot Misses the Net.
14:21 of 1st period - Slapshot by Kyle Okposo.
14:21 of 1st period - Shot Blocked by Zach Bogosian.
14:23 of 1st period - Snap shot by Mario Ferraro.
14:23 of 1st period - Stopped by Semyon Varlamov without a rebound.
14:24 of 1st period - Brock Nelson wins face-off versus Nicolas Roy in Detroit Red Wings zone.
15:14 of 1st period - Kevin Shattenkirk is hit by Ryan Pulock and loses puck.
15:21 of 1st period - Slapshot by Shayne Gostisbehere.
15:21 of 1st period - Deflect By Trevor Zegras.
15:21 of 1st period - Stopped by Frederik Andersen with a rebound.
16:06 of 1st period - Wrist shot by Matthew Boldy.
16:06 of 1st period - Goal by Matthew Boldy - Detroit Red Wings : 1 - Toronto Maple Leafs : 0.
16:07 of 1st period - Sam Bennett wins face-off versus Mika Zibanejad in neutral zone.
16:22 of 1st period - Snap shot by Mika Zibanejad.
16:22 of 1st period - Shot Blocked by Brady Tkachuk.
16:34 of 1st period - Matthew Boldy is hit by Ryan Pulock and loses puck.
16:39 of 1st period - Slapshot by Scott Laughton.
16:39 of 1st period - Stopped by Semyon Varlamov with a rebound.
16:59 of 1st period - Slapshot by Nicolas Roy.
16:59 of 1st period - Shot Misses the Net.
17:05 of 1st period - Snap shot by Daniel Sprong.
17:05 of 1st period - Shot Blocked by Jonas Siegenthaler.
17:07 of 1st period - Slapshot by Jared McCann.
17:07 of 1st period - Deflect By Nino Niederreiter.
17:07 of 1st period - Shot Misses the Net.
17:07 of 1st period - Puck is out of play.
17:08 of 1st period - Sam Bennett wins face-off versus Mika Zibanejad in Toronto Maple Leafs zone.
17:13 of 1st period - Backhand shot by Sam Bennett.
17:13 of 1st period - Shot Blocked by Jonathan Huberdeau.
17:15 of 1st period - Slapshot by Mario Ferraro.
17:15 of 1st period - Deflect By Sam Bennett.
17:15 of 1st period - Shot Misses the Net.
17:15 of 1st period - Puck is out of play.
17:16 of 1st period - Sam Bennett wins face-off versus Jonathan Huberdeau in Detroit Red Wings zone.
17:21 of 1st period - Wrist shot by Sam Bennett.
17:21 of 1st period - Deflect By Brady Tkachuk.
17:21 of 1st period - Stopped by Semyon Varlamov without a rebound.
17:22 of 1st period - Mika Zibanejad wins face-off versus Brady Tkachuk in Detroit Red Wings zone.
17:28 of 1st period - Off-side.
17:29 of 1st period - Sam Bennett wins face-off versus Mika Zibanejad in neutral zone.
17:34 of 1st period - Slapshot by Sam Bennett.
17:34 of 1st period - Stopped by Semyon Varlamov without a rebound.
17:35 of 1st period - Mika Zibanejad wins face-off versus Scott Laughton in Detroit Red Wings zone.
17:56 of 1st period - Scott Laughton is hit by Mika Zibanejad and loses puck.
18:37 of 1st period - Snap shot by Daniel Sprong.
18:37 of 1st period - Shot Blocked by Nicolas Roy.
18:49 of 1st period - Snap shot by Jason Zucker.
18:49 of 1st period - Shot Misses the Net.
19:15 of 1st period - Slapshot by Trevor Zegras.
19:15 of 1st period - Shot Misses the Net.
19:17 of 1st period - Snap shot by Trevor Zegras.
19:17 of 1st period - Stopped by Semyon Varlamov with a rebound.
19:54 of 1st period - Backhand shot by Brock Nelson.
19:54 of 1st period - Shot Blocked by Cody Ceci.
19:56 of 1st period - Wrist shot by Carter Verhaeghe.
19:56 of 1st period - Goal by Carter Verhaeghe - Detroit Red Wings : 2 - Toronto Maple Leafs : 0.
19:57 of 1st period - Sam Bennett wins face-off versus Brock Nelson in neutral zone.
19:59 of 1st period - Minor Penalty to Brady Tkachuk for Roughing.
Goals for this period are 2 for Detroit Red Wings vs 0 for Toronto Maple Leafs.
Shots for this period are 10 for Detroit Red Wings vs 11 for Toronto Maple Leafs.
Goals for this period are 2 for Detroit Red Wings vs 0 for Toronto Maple Leafs.
Shots for this period are 10 for Detroit Red Wings vs 11 for Toronto Maple Leafs.
2nd period
0:01 of 2nd period - Nick Bjugstad wins face-off versus Steven Stamkos in neutral zone.
0:04 of 2nd period - Slapshot by Aaron Ekblad.
0:04 of 2nd period - Deflect By Matthew Boldy.
0:04 of 2nd period - Stopped by Semyon Varlamov with a rebound.
1:37 of 2nd period - Carter Verhaeghe is hit by Kyle Okposo.
1:50 of 2nd period - Nick Bjugstad is hit by Carter Verhaeghe and loses puck.
1:59 of 2nd period - Penalty to Brady Tkachuk is over, Brady Tkachuk is back on ice.
2:11 of 2nd period - Wrist shot by Jason Zucker.
2:11 of 2nd period - Stopped by Frederik Andersen without a rebound.
2:12 of 2nd period - Sam Bennett wins face-off versus Jason Zucker in Toronto Maple Leafs zone.
2:38 of 2nd period - Slapshot by Sean Couturier.
2:38 of 2nd period - Stopped by Frederik Andersen without a rebound.
2:39 of 2nd period - Scott Laughton wins face-off versus Daniel Sprong in Toronto Maple Leafs zone.
2:39 of 2nd period - Scott Laughton is hit by Daniel Sprong.
2:47 of 2nd period - Slapshot by Dougie Hamilton.
2:47 of 2nd period - Shot Misses the Net.
2:49 of 2nd period - Slapshot by Dougie Hamilton.
2:49 of 2nd period - Stopped by Semyon Varlamov without a rebound.
2:50 of 2nd period - Mika Zibanejad wins face-off versus Sam Bennett in Detroit Red Wings zone.
3:45 of 2nd period - Snap shot by Nino Niederreiter.
3:45 of 2nd period - Goal by Nino Niederreiter - Detroit Red Wings : 2 - Toronto Maple Leafs : 1.
3:46 of 2nd period - Mika Zibanejad wins face-off versus Sam Bennett in neutral zone.
3:51 of 2nd period - Snap shot by Jonathan Huberdeau.
3:51 of 2nd period - Shot Misses the Net.
3:57 of 2nd period - Snap shot by Mika Zibanejad.
3:57 of 2nd period - Stopped by Frederik Andersen without a rebound.
3:58 of 2nd period - Mika Zibanejad wins face-off versus Scott Laughton in Toronto Maple Leafs zone.
4:01 of 2nd period - Snap shot by Steven Stamkos.
4:01 of 2nd period - Shot Misses the Net.
4:03 of 2nd period - Wrist shot by Zach Bogosian.
4:03 of 2nd period - Shot Blocked by Troy Terry.
4:05 of 2nd period - Wrist shot by Shayne Gostisbehere.
4:05 of 2nd period - Stopped by Frederik Andersen without a rebound.
4:06 of 2nd period - Mika Zibanejad wins face-off versus Scott Laughton in Toronto Maple Leafs zone.
4:08 of 2nd period - Minor Penalty to Aaron Ekblad for Holding.
4:09 of 2nd period - Mika Zibanejad wins face-off versus Nick Bjugstad in Toronto Maple Leafs zone.
4:49 of 2nd period - Slapshot by Shayne Gostisbehere.
4:49 of 2nd period - Shot Misses the Net.
4:51 of 2nd period - Slapshot by Shayne Gostisbehere.
4:51 of 2nd period - Stopped by Frederik Andersen with a rebound.
5:19 of 2nd period - Mika Zibanejad is hit by Ryan Pulock and loses puck.
6:08 of 2nd period - Penalty to Aaron Ekblad is over, Aaron Ekblad is back on ice.
6:22 of 2nd period - Dougie Hamilton is hit by Jason Zucker and loses puck.
6:37 of 2nd period - Matthew Boldy is hit by Sam Bennett and loses puck.
7:24 of 2nd period - Snap shot by Troy Terry.
7:24 of 2nd period - Shot Blocked by MacKenzie Weegar.
7:36 of 2nd period - Jonathan Huberdeau is hit by Brady Tkachuk and loses puck.
7:49 of 2nd period - Mario Ferraro is hit by Jared McCann and loses puck.
8:07 of 2nd period - Troy Terry is hit by Shayne Gostisbehere.
8:13 of 2nd period - Shayne Gostisbehere is hit by Trevor Zegras and loses puck.
8:24 of 2nd period - Dougie Hamilton is hit by Shayne Gostisbehere and loses puck.
8:37 of 2nd period - Snap shot by Mika Zibanejad.
8:37 of 2nd period - Shot Misses the Net.
8:39 of 2nd period - Snap shot by Steven Stamkos.
8:39 of 2nd period - Stopped by Frederik Andersen without a rebound.
8:40 of 2nd period - Mika Zibanejad wins face-off versus Sam Bennett in Toronto Maple Leafs zone.
8:47 of 2nd period - Slapshot by Steven Stamkos.
8:47 of 2nd period - Shot Misses the Net.
8:55 of 2nd period - Jonathan Huberdeau is hit by Jonas Siegenthaler and loses puck.
9:15 of 2nd period - Snap shot by Brady Tkachuk.
9:15 of 2nd period - Stopped by Semyon Varlamov with a rebound.
9:17 of 2nd period - Snap shot by Brady Tkachuk.
9:17 of 2nd period - Deflect By Brandon Saad.
9:17 of 2nd period - Stopped by Semyon Varlamov with a rebound.
9:19 of 2nd period - Backhand shot by Sam Bennett.
9:19 of 2nd period - Stopped by Semyon Varlamov with a rebound.
9:34 of 2nd period - Snap shot by Mika Zibanejad.
9:34 of 2nd period - Shot Misses the Net.
9:44 of 2nd period - Wrist shot by Steven Stamkos.
9:44 of 2nd period - Stopped by Frederik Andersen with a rebound.
9:54 of 2nd period - Wrist shot by Brady Tkachuk.
9:54 of 2nd period - Shot Misses the Net.
9:56 of 2nd period - Slapshot by Brandon Saad.
9:56 of 2nd period - Shot Blocked by Mika Zibanejad.
9:58 of 2nd period - Slapshot by Cody Ceci.
9:58 of 2nd period - Stopped by Semyon Varlamov with a rebound.
10:00 of 2nd period - Snap shot by Brandon Saad.
10:00 of 2nd period - Shot Blocked by Kevin Shattenkirk.
10:02 of 2nd period - Slapshot by Aaron Ekblad.
10:02 of 2nd period - Stopped by Semyon Varlamov with a rebound.
10:04 of 2nd period - Wrist shot by Sam Bennett.
10:04 of 2nd period - Shot Blocked by Jonathan Huberdeau.
10:06 of 2nd period - Wrist shot by Sam Bennett.
10:06 of 2nd period - Stopped by Semyon Varlamov without a rebound.
10:07 of 2nd period - Brock Nelson wins face-off versus Scott Laughton in Detroit Red Wings zone.
10:40 of 2nd period - Slapshot by Aaron Ekblad.
10:40 of 2nd period - Stopped by Semyon Varlamov without a rebound.
10:41 of 2nd period - Nicolas Roy wins face-off versus Josh Bailey in Detroit Red Wings zone.
10:56 of 2nd period - Josh Bailey is hit by Nicolas Roy and loses puck.
11:16 of 2nd period - Wrist shot by Josh Bailey.
11:16 of 2nd period - Shot Misses the Net.
11:18 of 2nd period - Slapshot by Philippe Myers.
11:18 of 2nd period - Shot Misses the Net.
11:20 of 2nd period - Snap shot by Josh Bailey.
11:20 of 2nd period - Shot Blocked by Jonas Siegenthaler.
11:22 of 2nd period - Snap shot by Jared McCann.
11:22 of 2nd period - Stopped by Frederik Andersen with a rebound.
11:24 of 2nd period - Wrist shot by Jared McCann.
11:24 of 2nd period - Shot Misses the Net.
11:26 of 2nd period - Slapshot by Jamie Drysdale.
11:26 of 2nd period - Shot Blocked by Mario Ferraro.
11:28 of 2nd period - Backhand shot by Jared McCann.
11:28 of 2nd period - Stopped by Frederik Andersen with a rebound.
11:30 of 2nd period - Snap shot by Philippe Myers.
11:30 of 2nd period - Shot Misses the Net.
11:32 of 2nd period - Snap shot by Daniel Sprong.
11:32 of 2nd period - Stopped by Frederik Andersen without a rebound.
11:33 of 2nd period - Brock Nelson wins face-off versus Scott Laughton in Toronto Maple Leafs zone.
11:41 of 2nd period - Minor Penalty to Aaron Ekblad for Roughing.
11:42 of 2nd period - Steven Stamkos wins face-off versus Nicolas Roy in Toronto Maple Leafs zone.
11:42 of 2nd period - Wrist shot by Matthew Boldy.
11:42 of 2nd period - Stopped by Frederik Andersen without a rebound.
11:43 of 2nd period - Steven Stamkos wins face-off versus Nick Bjugstad in Toronto Maple Leafs zone.
11:59 of 2nd period - Carter Verhaeghe is hit by Nick Bjugstad and loses puck.
13:09 of 2nd period - MacKenzie Weegar is hit by Scott Laughton and loses puck.
13:41 of 2nd period - Penalty to Aaron Ekblad is over, Aaron Ekblad is back on ice.
13:54 of 2nd period - Snap shot by Sean Couturier.
13:54 of 2nd period - Shot Blocked by Aaron Ekblad.
13:56 of 2nd period - Slapshot by Sean Couturier.
13:56 of 2nd period - Stopped by Frederik Andersen without a rebound.
13:57 of 2nd period - Scott Laughton wins face-off versus Sean Couturier in Toronto Maple Leafs zone.
14:01 of 2nd period - Off-side.
14:02 of 2nd period - Scott Laughton wins face-off versus Sean Couturier in neutral zone.
14:16 of 2nd period - Slapshot by Jason Zucker.
14:16 of 2nd period - Shot Misses the Net.
14:30 of 2nd period - Wrist shot by Steven Stamkos.
14:30 of 2nd period - Shot Misses the Net.
14:32 of 2nd period - Snap shot by Mika Zibanejad.
14:32 of 2nd period - Deflect By Jonathan Huberdeau.
14:32 of 2nd period - Stopped by Frederik Andersen with a rebound.
14:38 of 2nd period - Brady Tkachuk is hit by Steven Stamkos.
15:56 of 2nd period - Slapshot by Aaron Ekblad.
15:56 of 2nd period - Shot Blocked by Jamie Drysdale.
15:58 of 2nd period - Wrist shot by Trevor Zegras.
15:58 of 2nd period - Stopped by Semyon Varlamov with a rebound.
16:00 of 2nd period - Backhand shot by Troy Terry.
16:00 of 2nd period - Stopped by Semyon Varlamov without a rebound.
16:01 of 2nd period - Sam Bennett wins face-off versus Mika Zibanejad in Detroit Red Wings zone.
16:06 of 2nd period - Wrist shot by Sam Bennett.
16:06 of 2nd period - Shot Misses the Net.
16:16 of 2nd period - Slapshot by Mika Zibanejad.
16:16 of 2nd period - Goal by Mika Zibanejad - Detroit Red Wings : 3 - Toronto Maple Leafs : 1.
16:17 of 2nd period - Jonathan Huberdeau wins face-off versus Sam Bennett in neutral zone.
16:32 of 2nd period - Wrist shot by Steven Stamkos.
16:32 of 2nd period - Stopped by Frederik Andersen with a rebound.
16:40 of 2nd period - Jonathan Huberdeau is hit by Brady Tkachuk and loses puck.
17:11 of 2nd period - Snap shot by Mika Zibanejad.
17:11 of 2nd period - Stopped by Frederik Andersen with a rebound.
17:31 of 2nd period - Steven Stamkos is hit by Aaron Ekblad and loses puck.
17:58 of 2nd period - Minor Penalty to Steven Stamkos for Holding Stick.
17:59 of 2nd period - Sean Couturier wins face-off versus Scott Laughton in Detroit Red Wings zone.
18:13 of 2nd period - Slapshot by Dougie Hamilton.
18:13 of 2nd period - Stopped by Semyon Varlamov with a rebound.
18:21 of 2nd period - Brock Nelson is hit by Trevor Zegras and loses puck.
18:31 of 2nd period - Off-side.
18:32 of 2nd period - Sean Couturier wins face-off versus Nicolas Roy in neutral zone.
18:41 of 2nd period - Jared McCann is hit by Scott Laughton and loses puck.
19:14 of 2nd period - Wrist shot by Troy Terry.
19:14 of 2nd period - Shot Misses the Net.
19:58 of 2nd period - Penalty to Steven Stamkos is over, Steven Stamkos is back on ice.
Goals for this period are 1 for Detroit Red Wings vs 1 for Toronto Maple Leafs.
Shots for this period are 16 for Detroit Red Wings vs 13 for Toronto Maple Leafs.
3rd period
0:01 of 3rd period - Scott Laughton wins face-off versus Brock Nelson in neutral zone.
1:17 of 3rd period - Icing by MacKenzie Weegar.
1:18 of 3rd period - Nicolas Roy wins face-off versus Sean Couturier in Detroit Red Wings zone.
1:22 of 3rd period - Icing by Kevin Shattenkirk.
1:23 of 3rd period - Scott Laughton wins face-off versus Sean Couturier in Detroit Red Wings zone.
1:52 of 3rd period - Arthur Kaliyev is hit by Brandon Saad and loses puck.
3:42 of 3rd period - Wrist shot by Trevor Zegras.
3:42 of 3rd period - Shot Misses the Net.
4:19 of 3rd period - Snap shot by Kyle Okposo.
4:19 of 3rd period - Goal by Kyle Okposo - Detroit Red Wings : 3 - Toronto Maple Leafs : 2.
4:20 of 3rd period - Sam Bennett wins face-off versus Mika Zibanejad in neutral zone.
4:43 of 3rd period - Minor Penalty to Brady Tkachuk for Holding.
4:44 of 3rd period - Nick Bjugstad wins face-off versus Jonathan Huberdeau in Toronto Maple Leafs zone.
6:43 of 3rd period - Penalty to Brady Tkachuk is over, Brady Tkachuk is back on ice.
7:57 of 3rd period - Steven Stamkos is hit by Mario Ferraro and loses puck.
8:22 of 3rd period - Aaron Ekblad is hit by MacKenzie Weegar and loses puck.
9:09 of 3rd period - Jonathan Huberdeau is hit by Warren Foegele and loses puck.
9:33 of 3rd period - Sean Couturier is hit by Brandon Saad and loses puck.
10:02 of 3rd period - Jamie Drysdale is hit by Warren Foegele and loses puck.
10:07 of 3rd period - Snap shot by Dougie Hamilton.
10:07 of 3rd period - Deflect By Kyle Okposo.
10:07 of 3rd period - Stopped by Semyon Varlamov without a rebound.
10:08 of 3rd period - Scott Laughton wins face-off versus Mika Zibanejad in Detroit Red Wings zone.
10:13 of 3rd period - Snap shot by Scott Laughton.
10:13 of 3rd period - Shot Blocked by Jonathan Huberdeau.
10:15 of 3rd period - Snap shot by Scott Laughton.
10:15 of 3rd period - Shot Misses the Net.
10:17 of 3rd period - Snap shot by Scott Laughton.
10:17 of 3rd period - Shot Blocked by Philippe Myers.
10:42 of 3rd period - Wrist shot by Sam Bennett.
10:42 of 3rd period - Shot Misses the Net.
10:59 of 3rd period - Jonas Siegenthaler is hit by Matthew Boldy and loses puck.
11:10 of 3rd period - Slapshot by Nino Niederreiter.
11:10 of 3rd period - Shot Blocked by Brock Nelson.
11:45 of 3rd period - Slapshot by Brady Tkachuk.
11:45 of 3rd period - Shot Hit the Post.
11:47 of 3rd period - Slapshot by Cody Ceci.
11:47 of 3rd period - Shot Blocked by Shayne Gostisbehere.
11:49 of 3rd period - Backhand shot by Brandon Saad.
11:49 of 3rd period - Stopped by Semyon Varlamov with a rebound.
11:51 of 3rd period - Wrist shot by Brandon Saad.
11:51 of 3rd period - Stopped by Semyon Varlamov with a rebound.
12:01 of 3rd period - Ryan Pulock is hit by Daniel Sprong.
12:24 of 3rd period - Brock Nelson is hit by Andrew Mangiapane and loses puck.
12:45 of 3rd period - Snap shot by Jason Zucker.
12:45 of 3rd period - Shot Misses the Net.
12:59 of 3rd period - Icing by Kevin Shattenkirk.
13:00 of 3rd period - Sam Bennett wins face-off versus Sean Couturier in Detroit Red Wings zone.
13:28 of 3rd period - Off-side.
13:29 of 3rd period - Mika Zibanejad wins face-off versus Scott Laughton in neutral zone.
13:32 of 3rd period - Trevor Zegras is hit by Jamie Drysdale and loses puck.
13:55 of 3rd period - Jamie Drysdale is hit by Sam Bennett and loses puck.
14:24 of 3rd period - Slapshot by Josh Bailey.
14:24 of 3rd period - Shot Blocked by Nick Bjugstad.
15:16 of 3rd period - Slapshot by Daniel Sprong.
15:16 of 3rd period - Stopped by Frederik Andersen without a rebound.
15:17 of 3rd period - Nicolas Roy wins face-off versus Mika Zibanejad in Toronto Maple Leafs zone.
15:22 of 3rd period - Jonathan Huberdeau is hit by Dougie Hamilton and loses puck.
15:47 of 3rd period - Snap shot by Sam Bennett.
15:47 of 3rd period - Shot Misses the Net.
15:55 of 3rd period - Snap shot by Kevin Shattenkirk.
15:55 of 3rd period - Shot Blocked by Ryan Pulock.
16:11 of 3rd period - Slapshot by Shayne Gostisbehere.
16:11 of 3rd period - Shot Misses the Net.
16:13 of 3rd period - Slapshot by Arthur Kaliyev.
16:13 of 3rd period - Shot Misses the Net.
16:15 of 3rd period - Slapshot by Arthur Kaliyev.
16:15 of 3rd period - Stopped by Frederik Andersen with a rebound.
17:06 of 3rd period - Nino Niederreiter is hit by Mika Zibanejad and loses puck.
17:19 of 3rd period - Icing by Mika Zibanejad.
17:20 of 3rd period - Mika Zibanejad wins face-off versus Sam Bennett in Detroit Red Wings zone.
17:29 of 3rd period - Sam Bennett is hit by MacKenzie Weegar and loses puck.
17:52 of 3rd period - Wrist shot by Jared McCann.
17:52 of 3rd period - Stopped by Frederik Andersen with a rebound.
18:07 of 3rd period - Icing by Jared McCann.
18:08 of 3rd period - Nicolas Roy wins face-off versus Josh Bailey in Detroit Red Wings zone.
18:11 of 3rd period - Slapshot by Nicolas Roy.
18:11 of 3rd period - Shot Misses the Net.
18:13 of 3rd period - Snap shot by Nicolas Roy.
18:13 of 3rd period - Stopped by Semyon Varlamov without a rebound.
18:14 of 3rd period - Brock Nelson wins face-off versus Nicolas Roy in Detroit Red Wings zone.
18:41 of 3rd period - Andrew Mangiapane is hit by Shayne Gostisbehere and loses puck.
18:48 of 3rd period - Toronto Maple Leafs, Frederik Andersen is pulled from the net.
18:52 of 3rd period - Wrist shot by Andrew Mangiapane.
18:52 of 3rd period - Shot Misses the Net.
19:08 of 3rd period - MacKenzie Weegar is hit by Brady Tkachuk and loses puck.
19:15 of 3rd period - Snap shot by Jared McCann.
19:15 of 3rd period - Shot Misses the Net.
19:17 of 3rd period - Slapshot by Sean Couturier.
19:17 of 3rd period - Shot Blocked by Sam Bennett.
19:19 of 3rd period - Slapshot by Philippe Myers.
19:19 of 3rd period - Shot Blocked by Cody Ceci.
19:21 of 3rd period - Wrist shot by Mika Zibanejad.
19:21 of 3rd period - Shot Blocked by Cody Ceci.
19:23 of 3rd period - Backhand shot by Mika Zibanejad.
19:23 of 3rd period - Shot Misses the Net.
19:25 of 3rd period - Snap shot by Jared McCann.
19:25 of 3rd period - Goal by Jared McCann - Detroit Red Wings : 4 - Toronto Maple Leafs : 2.
19:25 of 3rd period - Frederik Andersen from Toronto Maple Leafs was sent back in the game.
19:26 of 3rd period - Nick Bjugstad wins face-off versus Josh Bailey in neutral zone.
19:29 of 3rd period - Snap shot by Dougie Hamilton.
19:29 of 3rd period - Shot Misses the Net.
Goals for this period are 1 for Detroit Red Wings vs 1 for Toronto Maple Leafs.
Shots for this period are 4 for Detroit Red Wings vs 5 for Toronto Maple Leafs.
Back to the Top